 Dungeon Crawl Stone Soup version 0.28-a0-1152-g9c71ebef14 (webtiles) character file.

Game seed: 9521629421134394948

154 SensoryNuts the Cudgeller (level 5, 0/52 HPs)
             Began as a Troll Fighter on Dec 14, 2021.
             Killed by divine providence
             ... invoked by an orc priest
              (12 damage)
             ... on level 3 of the Dungeon.
             The game lasted 00:03:07 (1400 turns).

SensoryNuts the Cudgeller (Troll Fighter)           Turns: 1400, Time: 00:03:08

Health: 0/52       AC:  5    Str: 26    XL:     5   Next: 13%
Magic:  4/4        EV:  8    Int:  4    God:
Gold:   78         SH:  7    Dex:  9    Spells: 4/4 levels left

rFire   . . .      SeeInvis .   a - +0 flail
rCold   . . .      Faith    .   c - +0 kite shield
rNeg    . . .      Spirit   .   b - +0 robe
rPois   .          Reflect  .   (helmet restricted)
rElec   .          Harm     .   i - +0 cloak
rCorr   .          Rampage  .   (gloves unavailable)
Will    .....                   (boots unavailable)
Stlth   +.........              (no amulet)
HPRegen 0.97/turn               (no ring)
MPRegen 0.09/turn               (no ring)

@: no status effects
A: large, unfitting armour, claws 3, regeneration 1, shaggy fur 1, tough skin 1
a: no special abilities


You were on level 3 of the Dungeon.
You visited 1 branch of the dungeon, and saw 3 of its levels.

You collected 78 gold pieces.

Inventory:

Hand Weapons
 a - a +0 flail (weapon)
Armour
 b - a +0 robe (worn)
 c - a +0 kite shield (worn)
 i - a +0 cloak (worn)
Scrolls
 e - a scroll of identify
 g - a scroll of teleportation
 h - a scroll of immolation
Potions
 d - 2 potions of might
 f - a potion of haste


   Skills:
 + Level 2.9 Fighting
 + Level 3.3 Maces & Flails
 + Level 3.0 Dodging
 + Level 0.1 Stealth
 + Level 3.1 Shields


You had 4 spell levels left.
You didn't know any spells.
Your spell library contained the following spells:

 Spells                   Type           Power      Damage    Failure   Level
 Slow                     Hex            0%         N/A       90%         1
 Sting                    Tmut/Pois      0%         1d3       90%         1
 Poisonous Vapours        Pois/Air       0%         N/A       97%         2
 Confusing Touch          Hex            0%         N/A       99%         3
 Vampiric Draining        Necr           0%         2d6       99%         3
 Olgreb's Toxic Radiance  Pois           0%         N/A       100%        4


Dungeon Overview and Level Annotations

Branches:
Dungeon (3/15)

Altars:

Shops:
D:2 !


Innate Abilities, Weirdness & Mutations

You are too large for most types of armour.
You have claws for hands.
Your natural rate of healing is unusually fast.
You are covered in fur. (AC +1)
You have tough skin. (AC +1)


Message History

You are no longer poisoned.
The adder barely misses you. You block the bat's attack. The adder bites you.
The bat hits you but does no damage. The bat hits you but does no damage.
You block the orc's attack. The bat hits you but does no damage.
The orc priest mumbles some strange prayers to Beogh against you.
Beogh smites you! You block the bat's attack.
You closely miss the bat. The bat hits you. You block the bat's attack.
You hit the bat.
The bat is heavily wounded.
The bat hits you but does no damage. x2
The bat hits you but does no damage. The bat hits you but does no damage.
You block the bat's attack. The bat hits you but does no damage.
You block the bat's attack. The bat barely misses you. The bat hits you. x2
The orc priest miscasts a cantrip.
You block the bat's attack. The bat barely misses you.
The orc priest mumbles some strange prayers to Beogh against you.
Beogh smites you! The bat hits you. You block the bat's attack.
You miss the bat. The bat hits you. The bat hits you but does no damage.
You block the bat's attack.
You closely miss the bat. You block the bat's attack.
The bat barely misses you. The bat misses you.
You barely miss the bat. The bat hits you but does no damage. x2
The orc priest mumbles some strange prayers to Beogh against you.
Beogh smites you!
* * * LOW HITPOINT WARNING * * *
You hit the bat.
The bat is moderately wounded.
You block the bat's attack. The bat hits you.
* * * LOW HITPOINT WARNING * * *
The bat hits you but does no damage. You block the bat's attack.
The orc priest invokes the aid of Beogh against you.
Beogh smites you!
You die...

... #.......
#.# ........
#..##......
####
#........
..... #.....#
.....#
#.....# #...#
#[..<.#
#...###o....#
#.@bSSo...#
#####o....#
#......#
#........
......##..
####.### ###
#.. ###


You could see an orc priest, 2 adders, 2 orcs and a bat.

Vanquished Creatures
  An orc priest (D:2)
  Jessica (D:2)
  Robin (D:2)
  3 dart slugs
  A worm (D:2)
  4 orcs (D:2)
  5 ball pythons
  A bat (D:1)
  5 endoplasms
  3 giant cockroaches
  13 goblins
  11 hobgoblins
  6 jackals
  6 frilled lizards
  2 kobolds
  6 rats
69 creatures vanquished.

Vanquished Creatures (others)
  4 fungi (D:1)
  A plant (D:1)
5 creatures vanquished.

Grand Total: 74 creatures vanquished

Notes
Turn   | Place    | Note
-------+----------+-------------------------------------------
     0 | D:1      | SensoryNuts the Troll Fighter began the quest for the Orb.
     0 | D:1      | Reached XP level 1. HP: 22/22 MP: 0/0
   104 | D:1      | Reached XP level 2. HP: 28/29 MP: 1/1
   220 | D:1      | Reached XP level 3. HP: 36/36 MP: 2/2
   237 | D:1      | Found a faded altar of an unknown god.
   727 | D:2      | Noticed Robin
   754 | D:2      | Killed Robin
   813 | D:2      | Found Viusso's Distillery.
   897 | D:2      | Reached XP level 4. HP: 43/43 MP: 3/3
  1012 | D:2      | Noticed Jessica
  1018 | D:2      | Killed Jessica
  1023 | D:2      | Reached XP level 5. HP: 35/52 MP: 4/4
  1400 | D:3      | Killed from afar by an orc priest

Illustrated notes

Levels and vault maps discovered:
D:1:      dpeg_arrival_line_fractal, layout_rooms,
          dreamdust_ecumenical_altar_grove
D:2:      cheibrodos_pilgrimage, layout_basic, serial_shops,
          nicolae_lakefront_shop, minmay_between, uniq_robin, uniq_jessica
D:3:      layout_rooms, xom_teletrap_fun, minmay_shallow_snake_nest

Skill      XL: |  1  2  3  4 |
---------------+-------------+-----
Maces & Flails | 2 3 |  3.3
Dodging        | 3 |  3.0
Shields        | 3 |  3.1
Fighting       | |  2.9
Stealth        | |  0.1

Action                   |  1- 3 |  4- 6 || total
-------------------------+-------+-------++-------
Melee: Flail             |   131 |    92 ||   223
  Use: Potion            |     2 |       ||     2
       Scroll            |     1 |     3 ||     4
 Stab: Sleeping          |     1 |       ||     1
Armor: Robe              |    47 |    55 ||   102
Dodge: Dodged            |    55 |    54 ||   109
Block: Kite shield       |    60 |    55 ||   115

Table legend: (Time is in decaauts)
 A = Elapsed time spent in this place.
 B = Non-inter-level travel time spent in this place.
 C = Inter-level travel time spent in this place.
 D = Time resting spent in this place.
 E = Time spent auto-exploring this place.
 F = Levels seen in this place.
 G = Mean time per level.
                   A        B        C        D        E       F      G
               +--------+--------+--------+--------+--------+-----+--------+
         Total |   1507 |   1493 |     14 |    200 |    737 |   3 |  502.3 |
       Dungeon |   1507 |   1493 |     14 |    200 |    737 |   3 |  502.3 |
               +--------+--------+--------+--------+--------+-----+--------+

Top non-repeatable levels by time:
     D:2: 777 daAuts
     D:1: 699 daAuts
     D:3: 30 daAuts
